 Dungeon Crawl Stone Soup version 0.19-a0-291-ga637243 (webtiles) character file.

27 tsouns the Shield-Bearer (level 3, 0/26 HPs)
             Began as an Octopode Fighter on May 27, 2016.
             Shot with a stone by a goblin (4 damage)
             ... on level 2 of the Dungeon.
             The game lasted 00:02:08 (713 turns).

tsouns the Shield-Bearer (Octopode Fighter)          Turns: 713, Time: 00:02:09

Health: 0/26       AC:  1    Str: 20    XL:     3   Next: 10%
Magic:  3/3        EV: 10    Int: 11    God:
Gold:   47         SH:  9    Dex: 11    Spells: 0 memorised, 2 levels left

rFire  . . .     SeeInvis .     a - +0 rapier
rCold  . . .     Gourm    .     b - +0 shield
rNeg   . . .     Faith    .     (helmet restricted)
rPois  .         Spirit   .     (no amulet)
rElec  .         Dismiss  .     (no ring)
rCorr  .         Reflect  .     (no ring)
SustAt .         Harm     .     (no ring)
MR     .....                    (no ring)
Stlth  +++.......               (no ring)
                                (no ring)
                                (no ring)
                                (no ring)

@: mighty, not resistant to hostile enchantments, fairly stealthy
A: almost no armour, amphibious, 8 rings, constrict 8, camouflage 1, gelatinous
body 1
a: no special abilities


You were on level 2 of the Dungeon.
You were not hungry.

You visited 1 branch of the dungeon, and saw 2 of its levels.

You collected 47 gold pieces.

Inventory:

Hand Weapons
 a - a +0 rapier (weapon)
Missiles
 h - 34 poisoned needles
 k - 9 tomahawks (quivered)
Armour
 b - a +0 shield (worn)
Scrolls
 e - a scroll of identify {unknown}
 j - a scroll of magic mapping {unknown}
 n - a scroll of teleportation {unknown}
 o - a scroll of fog {unknown}
 p - a scroll of remove curse {unknown}
 q - 2 scrolls of amnesia {unknown}
 r - a scroll of random uselessness {unknown}
 s - a scroll of noise {unknown}
Potions
 i - a potion of brilliance {unknown}
 l - a potion of mutation {unknown}
 m - 2 potions of curing {unknown}
Comestibles
 d - a bread ration
 f - a royal jelly
 g - a beef jerky


   Skills:
 - Level 3.0 Fighting
 + Level 3.0 Short Blades
 - Level 3.0 Dodging
 + Level 2.2 Stealth
 - Level 3.0 Shields


You had 2 spell levels left.
You didn't know any spells.

Dungeon Overview and Level Annotations

Branches:
Dungeon (2/15)

Altars:


Innate Abilities, Weirdness & Mutations

You cannot wear most types of armour.
You are amphibious.
You can wear up to eight rings at the same time.
You can use your tentacles to constrict eight enemies at once.
Your skin changes colour to match your surroundings (Stealth+).
Your rubbery body absorbs attacks. (AC +1)


Message History

A jackal comes into view.
You hit the jackal. You grab the jackal.
The jackal is almost dead.
You constrict the jackal.
You kill the jackal!
Your Short Blades skill increases to level 3!
The goblin shoots a stone.
You block the stone.
Drink which item? (? for menu, Esc to quit)
You feel very mighty all of a sudden.
The goblin shoots a stone.
The stone barely misses you.
The goblin shoots a stone.
The stone hits you.
* * * LOW HITPOINT WARNING * * *
You see here a spear.
There is an open door here.
You close the door.
A goblin opens the door.
You puncture the jackal!
You kill the jackal!
The goblin shoots a stone.
The stone hits you.
You die...

######### ######
#.......# #....#
#.#####.#
#....########@#
#.#
+....'...g..†.#
#.#
####....##########
#.# #####
........)........
#.# #....
#########h######
#.# #.### #.# #.#
#.# ##.## #.# #.#
#.w.# #.# #.#
#...# #.# #.#


You could see a goblin.

Vanquished Creatures
  An ooze (D:1)
  3 goblins (D:1)
  2 hobgoblins (D:1)
  4 jackals (D:2)
  A bat (D:2)
  4 giant newts (D:1)
  4 kobolds (D:1)
  4 rats (D:1)
23 creatures vanquished.

Notes
Turn   | Place    | Note
--------------------------------------------------------------
     0 | D:1      | tsouns the Octopode Fighter began the quest for the Orb.
     0 | D:1      | Reached XP level 1. HP: 16/16 MP: 1/1
    89 | D:1      | Reached skill level 1 in Stealth
   217 | D:1      | Reached XP level 2. HP: 21/21 MP: 2/2
   695 | D:2      | Reached XP level 3. HP: 9/26 MP: 3/3
   713 | D:2      | Shot with a stone by a goblin

Vault maps used:
D:1:      saegor_arrival_simple_a

Skill      XL: |  1  2  3 |
---------------+----------+-----
Stealth        | 1 2 |  2.2
Short Blades   | 3 |  3.0
Fighting       | |  3.0
Dodging        | |  3.0
Shields        | |  3.0

Action                   || total
-------------------------++-------
Melee: Rapier            ||    44
       Constrict         ||     8
       Tentacles         ||     6
  Use: Potion            ||     1
 Stab: Sleeping          ||     8
Armor: Skin              ||     2
Dodge: Dodged            ||     9
Block: Shield            ||    13
